 Dungeon Crawl Stone Soup version 0.17.0-17-ge4ba49f (webtiles) character file.

78766 Peloso the Peltast (level 15, -2/136 HPs)
             Began as a Minotaur Fighter on Nov 11, 2015.
             Was the Champion of Okawaru.
             Slain by an ettin
             ... wielding a +0 dire flail
              (32 damage)
             ... on level 15 of the Dungeon.
             The game lasted 01:46:04 (23408 turns).

Peloso the Peltast (Minotaur Fighter)              Turns: 23408, Time: 01:46:04

Health: -2/136     AC: 23    Str: 24    XL:     15   Next: 19%
Magic:  15/15      EV: 13    Int:  5    God:    Okawaru [******]
Gold:   2057       SH: 15    Dex: 13    Spells: 0 memorised, 14 levels left

rFire  + + .     SeeInvis .     X - +10 demon blade of the Hero {venom, rElec rF+}
rCold  + . .     Clarity  .     D - +4 chain mail of the Comet {rPois MR+ Slay+3}
rNeg   + . .     SustAt   .     c - +0 shield
rPois  +         Gourm    .     E - -2 hat of the Alchemist {rElec rPois rF+ rC+ rN+ MR+ rMut rCorr}
rElec  +         Spirit   .     T - +2 cloak {+Inv}
rCorr  +         Warding  .     v - +0 pair of gloves
rMut   +         Stasis   .     l - +0 pair of boots {run}
MR     +++..                    f - amulet of faith
Stlth  ..........               H - ring of stealth
                                I - +2 ring of protection

@: quick, extremely resistant to hostile enchantments, extremely unstealthy
A: retaliatory headbutt, horns 2
a: Heroism, Finesse, Renounce Religion, Evoke Invisibility


You were on level 15 of the Dungeon.
You worshipped Okawaru.
Okawaru was exalted by your worship.
You were not hungry.

You visited 3 branches of the dungeon, and saw 24 of its levels.
You also visited: Labyrinth, Bailey and Volcano.

You collected 2057 gold pieces.

Inventory:

Hand Weapons
 R - the +6 rapier "Minotaur's Doom" {flame, MP+9 Int+2}
   (You found it in a labyrinth)

   It has been specially enchanted to burn those struck by it, causing extra
   injury to most foes and up to half again as much damage against particularly
   susceptible opponents.
   It affects your intelligence (+2).
   It affects your magic capacity (+9).
 X - the +10 demon blade of the Hero (weapon) {venom, rElec rF+}
   (Okawaru gifted it to you on level 8 of the Lair of Beasts)

   It poisons the flesh of those it strikes.
   It protects you from fire.
   It insulates you from electricity.
Missiles
 N - 31 tomahawks of returning (quivered)
Armour
 c - a +0 shield (worn)
 l - a +0 pair of boots of running (worn)
 v - a +0 pair of gloves (worn)
 D - the +4 chain mail of the Comet (worn) {rPois MR+ Slay+3}
   (You found it on level 5 of the Dungeon)

   It affects your accuracy and damage with ranged weapons and melee attacks
   (+3).
   It protects you from poison.
   It affects your resistance to hostile enchantments.
 E - the -2 hat of the Alchemist (worn) {rElec rPois rF+ rC+ rN+ MR+ rMut rCorr}
   (You found it on level 6 of the Lair of Beasts)

   It protects you from fire.
   It protects you from cold.
   It insulates you from electricity.
   It protects you from poison.
   It protects you from negative energy.
   It affects your resistance to hostile enchantments.
   It protects you from acid and corrosion.
   It protects you from mutation.
 T - a +2 cloak of invisibility (worn)
Jewellery
 f - an amulet of faith (around neck)
 n - an uncursed ring of protection from magic
 w - an uncursed ring of protection from cold
 H - a ring of stealth (right hand)
 I - a +2 ring of protection (left hand)
 M - an uncursed amulet of stasis
 O - an uncursed ring of ice
 Q - an uncursed ring of protection from fire
Wands
 p - a wand of disintegration (15)
 Y - a wand of digging (17)
Scrolls
 a - 2 scrolls of fog
 k - 4 scrolls of fear
 o - 6 scrolls of enchant armour
 q - a scroll of silence
 r - a scroll of identify
 y - 2 scrolls of magic mapping
 A - 2 scrolls of teleportation
 J - a scroll of blinking
 K - a scroll of acquirement {unknown}
 S - 4 scrolls of remove curse
 U - a scroll of enchant weapon
 V - 5 scrolls of recharging
 Z - a scroll of holy word
Potions
 d - 5 potions of might
 g - 2 potions of resistance
 h - a potion of heal wounds
 i - 8 potions of curing
 m - 5 potions of agility
 B - a potion of haste
 F - 2 potions of invisibility
 P - 2 potions of brilliance
Comestibles
 b - 17 fruits
 e - 16 bread rations
 j - 3 chunks of flesh
 s - 12 meat rations
 t - 10 royal jellies
 C - 3 beef jerkies
 L - 13 slices of pizza


   Skills:
 + Level 13.5 Fighting
 + Level 0.9(9.3) Short Blades
 + Level 15.0(15.1) Long Blades
   Level 4.3 Axes
 + Level 13.1 Armour
 + Level 10.1 Dodging
 + Level 2.2 Stealth
 + Level 17.5 Shields
 + Level 1.4 Invocations


You had 14 spell levels left.
You didn't know any spells.

Dungeon Overview and Level Annotations

Branches:
Dungeon (15/15)            Temple (1/1) D:4            Lair (8/8) D:9
  Swamp (0/4) Lair:3       Spider (0/4) Lair:4        Slime (0/6) Lair:8
    Orc (0/4) D:9          Vaults (0/5) D:14         Depths (0/5) D:15

Altars:
Ashenzari
Dithmenos
Elyvilon
Fedhas
Gozag
Kikubaaqudgha
Makhleb
Nemelex Xobeh
Okawaru
Qazlal
Ru
Sif Muna
Trog
Vehumet
Xom
Yredelemnul
Zin
The Shining One

Portals:
Hell: Lair:8


Innate Abilities, Weirdness & Mutations

You reflexively headbutt those who attack you in melee.
You have a pair of horns on your head.


Message History

The centaur warrior shoots an arrow.
The arrow hits you but does no damage.
You slice the yaktaur!!
You kill the yaktaur!
Okawaru accepts your kill. Something appears at your feet!
Okawaru grants you a gift!
The orc warrior moves out of view.
The ettin hits you with a dire flail!!
* * * LOW HITPOINT WARNING * * *
The ettin hits you with a dire flail.
* * * LOW HITPOINT WARNING * * *
You barely miss the ettin.
The ettin is lightly wounded.
The centaur warrior shoots an arrow.
The arrow hits you.
* * * LOW HITPOINT WARNING * * *
Unknown command.
You slash the ettin!
The ettin is moderately wounded.
The centaur warrior shoots an arrow.
The arrow hits you but does no damage. The ettin hits you with a dire flail!!
You die...

.# .D####.####
o.Tc#..># #
#..)..#.##
#)#@..#.. #.C#.#.#
#.)).(# ######.#
##. #.# #..# #...
#.# #.## #....####
#.###.#
#.##....###.#...#
#..#..........####


You could see an ice dragon, an ettin, a centaur warrior, a troll and an orc
warrior.

Vanquished Creatures
  Rupert (D:13)
  A minotaur (Lab)
  4 vault guards (D:14)
  The ghost of Ohli the Fighter, a journeyman DsMo of Makhleb (Lab)
  3 hydras
  Harold (D:10)
  A centaur warrior (D:11)
  3 death yaks (Lair:8)
  A queen ant (Lair:5)
  A tengu warrior (D:15)
  The ghost of P0WERM0DE the Nimble, a novice HEAs of Vehumet (D:8)
  A fire crab (Lair:6)
  A deep elf knight (D:15)
  A skeletal warrior (D:14)
  2 sun demons
  A deep troll (D:15)
  An orc knight (Bailey)
  6 hill giants
  An oklob plant (Lair:7)
  A wolf spider zombie (D:13)
  A wizard (Lair:8)
  3 griffons
  4 cyclopes
  A sixfirhy (Lair:8)
  3 manticores
  10 ugly things
  An elephant (Lair:8)
  11 black mambas
  A smoke demon (Lair:8)
  A centaur skeleton (D:14)
  A torpor snail (Lair:6)
  8 spiny frogs
  A gargoyle (D:15)
  A yaktaur (D:15)
  2 kobold demonologists (D:11)
  4 orange demons (Lair:8)
  6 fire drakes
  13 komodo dragons
  A tengu conjurer (D:13)
  3 trolls
  A queen bee (Lair:4)
  2 blue devils (Lair:8)
  2 polar bears (D:13)
  3 red devils
  Prince Ribbit (D:7)
  A two-headed ogre (D:9)
  3 slime creatures (D:14)
  13 blink frogs
  3 shadows
  A basilisk (Lair:5)
  A wyvern (D:10)
  40 yaks
  A human (D:7)
  6 hippogriffs
  A wraith (D:12)
  2 deep elf magi
  3 fire bats (Volcano)
  A steam dragon (Lair:5)
  7 vampire mosquitoes
  3 hungry ghosts
  5 soldier ants (Lair:5)
  13 wolves
  A mottled dragon (D:14)
  Menkaure (D:7)
  A hog (D:7)
  14 water moccasins
  Duvessa (D:7)
  11 porcupines
  A black bear (shapeshifter) (D:13)
  5 ogres
  7 orc warriors
  4 sky beasts
  3 eyes of draining
  4 hell hounds
  2 phantoms
  20 crocodiles
  7 centaurs
  A wasp (D:14)
  2 ice beasts
  A brain worm (D:15)
  19 giant frogs
  16 big kobolds
  A wyvern zombie (D:8)
  A gnoll sergeant (D:9)
  36 killer bees
  Dowan (D:7)
  9 scorpions
  A vampire bat (D:7)
  21 wights
  A giant frog zombie (D:10)
  4 lava snakes (Volcano)
  3 centaur zombies
  7 crimson imps
  5 orc wizards
  6 hounds
  9 iguanas
  A giant frog skeleton (D:9)
  7 jellies
  9 orc priests
  26 sheep
  17 worker ants
  A hound zombie (D:8)
  A hound skeleton (D:6)
  2 worker ant zombies (D:5)
  47 river rats
  25 gnolls
  10 adders
  4 shadow imps
  3 oozes
  4 worms
  An adder skeleton (D:5)
  An adder zombie (D:7)
  2 giant geckos
  37 orcs
  4 bats
  3 bat skeletons (D:7)
  3 bat zombies (D:7)
  8 giant cockroaches
  17 hobgoblins
  56 kobolds
  A giant gecko skeleton (D:7)
  8 giant newts
  7 goblins
  13 jackals
  A jackal skeleton (D:7)
  2 quokkas
  A quokka skeleton (D:5)
  5 rats
  A bush (Lair:7)
  A fungus (D:9)
  A plant (Lair:7)
778 creatures vanquished.

Vanquished Creatures (others)
  A giant frog skeleton (D:10)
  4 river rats (Lair:8)
  11 fungi
  A plant (Lair:6)
  6 toadstools (Lair:7)
23 creatures vanquished.

Grand Total: 801 creatures vanquished

Notes
Turn   | Place    | Note
--------------------------------------------------------------
     0 | D:1      | Peloso the Minotaur Fighter began the quest for the Orb.
     0 | D:1      | Reached XP level 1. HP: 19/19 MP: 0/0
   141 | D:1      | Reached XP level 2. HP: 27/27 MP: 1/1
   148 | D:1      | Reached skill level 4 in Shields
   494 | D:2      | Reached XP level 3. HP: 33/33 MP: 2/2
   848 | D:2      | Found a burning altar of Makhleb.
  1031 | D:2      | Found a shimmering altar of Xom.
  1375 | D:3      | Reached skill level 1 in Dodging
  1375 | D:3      | Reached XP level 4. HP: 26/40 MP: 3/3
  1443 | D:3      | Found an iron altar of Okawaru.
  1450 | D:3      | Became a worshipper of Warmaster Okawaru
  1500 | D:3      | Noticed a big kobold
  1508 | D:3      | Killed a big kobold
  1508 | D:3      | Reached skill level 5 in Shields
  1508 | D:3      | Reached XP level 5. HP: 46/46 MP: 4/4
  1588 | D:3      | Noticed a big kobold
  1597 | D:3      | Killed a big kobold
  1597 | D:3      | Reached * piety under Okawaru
  1597 | D:3      | Reached skill level 5 in Armour
  1851 | D:3      | Reached XP level 6. HP: 53/53 MP: 5/5
  2903 | D:4      | Found a stormy altar of Qazlal.
  2903 | D:4      | Found a basalt altar of Yredelemnul.
  2930 | D:4      | Reached skill level 6 in Shields
  2967 | D:4      | Reached XP level 7. HP: 37/60 MP: 6/6
  3003 | D:4      | Reached skill level 5 in Fighting
  3012 | D:4      | Found a staircase to the Ecumenical Temple.
  3080 | Temple   | Entered the Ecumenical Temple
  3473 | D:5      | Entered Level 5 of the Dungeon
  3473 | D:5      | Found a large runed door.
  3478 | D:5      | Reached skill level 7 in Shields
  3494 | D:5      | Found a large runed door.
  3725 | D:5      | Found a large runed door.
  3725 | D:5      | Found a large runed door.
  3750 | D:5      | Reached ** piety under Okawaru
  4029 | D:5      | Reached skill level 5 in Long Blades
  4029 | D:5      | Reached XP level 8. HP: 56/69 MP: 7/7
  4077 | D:5      | Found a shattered altar of Ashenzari.
  4234 | D:5      | Got an amethyst-encrusted chain mail
  4245 | D:5      | Identified the +4 chain mail of the Comet {rPois MR+ Slay+3} (You found it on level 5 of the Dungeon)
  4639 | D:6      | Reached skill level 8 in Shields
  4690 | D:6      | Found a radiant altar of Vehumet.
  4742 | D:6      | Reached *** piety under Okawaru
  4857 | D:6      | Found a glowing silver altar of Zin.
  4939 | D:6      | Reached **** piety under Okawaru
  4939 | D:6      | Reached XP level 9. HP: 58/75 MP: 8/8
  5006 | D:6      | Found a deep blue altar of Sif Muna.
  5145 | D:6      | Found a sparkling altar of Nemelex Xobeh.
  5235 | D:6      | Found a burning altar of Makhleb.
  5237 | D:6      | Reached skill level 9 in Shields
  5727 | D:7      | Reached skill level 1 in Stealth
  5787 | D:7      | Noticed Menkaure
  5789 | D:7      | Found a shadowy altar of Dithmenos.
  5795 | D:7      | Killed Menkaure
  5816 | D:7      | Noticed Prince Ribbit
  5826 | D:7      | Killed Prince Ribbit
  5882 | D:7      | Noticed Dowan
  5886 | D:7      | Killed Dowan
  5888 | D:7      | Noticed Duvessa
  5894 | D:7      | Killed Duvessa
  5894 | D:7      | Reached ***** piety under Okawaru
  5894 | D:7      | Reached skill level 10 in Shields
  6288 | D:7      | Found an ancient bone altar of Kikubaaqudgha.
  6297 | D:7      | Reached skill level 5 in Dodging
  6426 | D:8      | Found a glowing golden altar of the Shining One.
  6482 | D:8      | Found a blossoming altar of Fedhas.
  6544 | D:8      | Found a sacrificial altar of Ru.
  6620 | D:8      | Noticed P0WERM0DE's ghost (novice HEAs)
  6648 | D:8      | Killed P0WERM0DE's ghost
  6648 | D:8      | Reached XP level 10. HP: 74/88 MP: 9/9
  6973 | D:8      | Reached ****** piety under Okawaru
  6986 | D:8      | Reached skill level 11 in Shields
  6996 | D:8      | Received a gift from Okawaru
  7286 | D:9      | Found a staircase to the Lair.
  7600 | D:9      | Found a staircase to the Orcish Mines.
  7602 | D:9      | Found a flagged portal.
  7645 | Bailey   | Entered a bailey
  7721 | Bailey   | Noticed an orc knight
  7749 | Bailey   | Killed an orc knight
  8098 | Bailey   | Found an iron altar of Okawaru.
  8105 | Bailey   | Got an ichor-stained morningstar
  8106 | Bailey   | Identified the cursed +0 morningstar of Nightmares {elec, +Inv Str+4} (You found it in a bailey)
  8502 | D:9      | Received a gift from Okawaru
  8502 | D:9      | Reached skill level 10 in Long Blades
  8511 | D:9      | Identified a +0 pair of boots of running (Okawaru gifted it to you on level 9 of the Dungeon)
  8527 | D:10     | Entered Level 10 of the Dungeon
  8605 | D:10     | Reached XP level 11. HP: 95/95 MP: 10/10
  8615 | D:10     | Reached skill level 1 in Invocations
  8619 | D:10     | Reached skill level 12 in Shields
  8749 | D:10     | Found a white marble altar of Elyvilon.
  8749 | D:10     | Noticed Harold
  8765 | D:10     | Killed Harold
  9073 | D:10     | Noticed a hill giant
  9080 | D:10     | Killed a hill giant
  9609 | D:11     | Noticed a hill giant
  9619 | D:11     | Killed a hill giant
  9966 | D:11     | Reached skill level 10 in Armour
 10133 | D:11     | Noticed a sun demon
 10346 | D:11     | Noticed an ice devil
 10356 | D:11     | Received a gift from Okawaru
 10408 | D:11     | Noticed a centaur warrior
 10414 | D:11     | Reached skill level 1 in Axes
 10420 | D:11     | HP: 2/97 [centaur warrior (5)]
 10427 | D:11     | Killed a centaur warrior
 10427 | D:11     | Reached skill level 13 in Shields
 11186 | Lair:1   | Entered Level 1 of the Lair of Beasts
 11473 | Lair:1   | Reached XP level 12. HP: 61/106 MP: 11/11
 11724 | Lair:1   | Received a gift from Okawaru
 11936 | Lair:1   | You fall through a shaft!
 12091 | Lair:1   | Reached skill level 10 in Fighting
 12762 | Lair:2   | Found a shimmering altar of Xom.
 12829 | Lair:2   | Reached skill level 14 in Shields
 13365 | Lair:3   | Found a labyrinth entrance.
 13389 | Lab      | Entered a labyrinth
 13935 | Lab      | Noticed Ohli's ghost (journeyman DsMo)
 13938 | Lab      | Noticed a minotaur
 13946 | Lab      | Killed Ohli's ghost
 13952 | Lab      | Killed a minotaur
 13952 | Lab      | Received a gift from Okawaru
 13958 | Lab      | Got a twisted trident {pierce}
 13969 | Lab      | Got a steaming rapier
 13997 | Lab      | Identified the +6 rapier "Minotaur's Doom" {flame, MP+9 Int+2} (You found it in a labyrinth)
 14126 | Lair:3   | Identified the +7 trident of Iskush {pierce, rPois Int+4} (You took it off a minotaur in a labyrinth)
 14567 | Lair:3   | Found a staircase to the Swamp.
 14858 | Lair:1   | Received a gift from Okawaru
 15275 | Lair:4   | Found a glowing golden altar of the Shining One.
 15435 | Lair:4   | Reached XP level 13. HP: 95/115 MP: 12/12
 15466 | Lair:4   | Found a hole to the Spider Nest.
 15845 | Lair:4   | Reached skill level 15 in Shields
 15913 | Lair:5   | Received a gift from Okawaru
 15950 | Lair:5   | Got a jewelled hat {god gift}
 15956 | Lair:5   | Identified the +0 hat of the Lotus Blossom {Str+7} (Okawaru gifted it to you on level 5 of the Lair of Beasts)
 16605 | Lair:5   | Got a heavily runed ring mail
 16857 | Lair:6   | Found a dark tunnel.
 16897 | Volcano  | Entered a volcano
 17047 | Volcano  | Found a bloodstained altar of Trog.
 17103 | Volcano  | Found a burning altar of Makhleb.
 18171 | Lair:6   | Received a gift from Okawaru
 18182 | Lair:6   | Got an ivory long sword {god gift}
 18183 | Lair:6   | Identified the +5 long sword of Gravity {slice, *Noise *Confuse Str+7 Int+4} (Okawaru gifted it to you on level 6 of the Lair of Beasts)
 18251 | Lair:7   | Reached skill level 16 in Shields
 18900 | Lair:7   | Found a blossoming altar of Fedhas.
 19195 | Lair:8   | Entered Level 8 of the Lair of Beasts
 19200 | Lair:8   | Reached XP level 14. HP: 127/127 MP: 13/13
 19207 | Lair:8   | Received a gift from Okawaru
 19590 | Lair:8   | Found a burning altar of Makhleb.
 19942 | Lair:8   | Found a gateway to Hell.
 20091 | Lair:8   | Found a staircase to the Slime Pits.
 20104 | Lair:8   | Received a gift from Okawaru
 20107 | Lair:8   | Got a warped demon blade {god gift}
 20125 | Lair:8   | Identified the +10 demon blade of the Hero {venom, rElec rF+} (Okawaru gifted it to you on level 8 of the Lair of Beasts)
 20826 | Temple   | Identified the +1 ring mail of the Heavens {Int+4} (You found it on level 5 of the Lair of Beasts)
 21694 | D:13     | Noticed Rupert
 21709 | D:13     | Killed Rupert
 21879 | D:13     | Received a gift from Okawaru
 22162 | D:13     | Found a bloodstained altar of Trog.
 22486 | D:14     | Reached skill level 17 in Shields
 22527 | D:14     | Found a gate to the Vaults.
 23157 | D:15     | Entered Level 15 of the Dungeon
 23176 | D:15     | Reached XP level 15. HP: 127/136 MP: 15/15
 23215 | D:15     | Received a gift from Okawaru
 23220 | D:15     | Reached skill level 10 in Dodging
 23383 | D:15     | Found a staircase to the Depths.
 23389 | D:15     | Reached skill level 15 in Long Blades
 23406 | D:15     | Received a gift from Okawaru
 23408 | D:15     | Slain by an ettin

Action                   |  1- 3 |  4- 6 |  7- 9 | 10-12 | 13-15 || total
-------------------------+-------+-------+-------+-------+-------++-------
Melee: Long sword        |    96 |       |       |    18 |   690 ||   804
       Falchion          |    39 |   141 |   379 |   591 |       ||  1150
       Morningstar       |       |       |       |     1 |       ||     1
       Hand axe          |       |       |       |   404 |       ||   404
       Rapier            |       |       |       |     5 |    21 ||    26
       Demon blade       |       |       |       |       |   351 ||   351
Invok: Heroism           |       |       |       |     3 |     1 ||     4
  Use: Scroll            |     4 |     2 |    10 |    15 |     6 ||    37
       Potion            |       |       |       |     5 |       ||     5
  Eat: Chunk             |     2 |     5 |    12 |    34 |    22 ||    75
       Royal jelly       |       |       |       |     1 |       ||     1
       Fruit             |       |       |       |     2 |       ||     2
       Beef jerky        |       |       |       |       |     2 ||     2
